 Dungeon Crawl Stone Soup version 0.30-a0-672-gc3a7216ad8 (webtiles) character file.

Game seed: 14575647421280447532

1005 wormed the Summoner (level 8, -6/37 HPs)
             Began as a Felid Chaos Knight on Jan 18, 2023.
             Was an Initiate of Gozag.
             Shot with an arrow by a centaur (13 damage)
             ... on level 8 of the Dungeon.
             The game lasted 00:17:26 (8890 turns).

wormed the Summoner (Felid Chaos Knight)            Turns: 8890, Time: 00:17:26

Health: -6/37      AC:  2    Str:  8    XL:     8   Next: 0%
Magic:  16/16      EV: 24    Int: 14    God:    Gozag
Gold:   479        SH:  0    Dex: 27    Spells: 10/17 levels left
                                        Lives:  0   Deaths: 2

rFire   . . .      SeeInvis +      - Unarmed
rCold   . . .      Faith    .    (shield unavailable)
rNeg    . . .      Spirit   .    (body armour unavailable)
rPois   .          Reflect  .    (helmet unavailable)
rElec   .          Harm     .    (cloak unavailable)
rCorr   .          Rampage  .    (gloves unavailable)
Will    +....                    (boots unavailable)
Stlth   ++                       m - amulet of magic regeneration
HPRegen 0.26/turn                c - +6 ring of dexterity
MPRegen 0.55/turn                b - +6 ring of dexterity

@: about to teleport, unable to drink, quick
A: very small, claws 1, fangs 3, see invisible, speed 1, shaggy fur 2, stealthy
paws, no weapons or thrown items, no armour, multi-lived, dopey 2, inability to
drink after injury 2
a: Renounce Religion, Potion Petition, Call Merchant, Bribe Branch


You were on level 8 of the Dungeon.
You worshipped Gozag.
Gozag was aware of your devotion.
You visited 2 branches of the dungeon, and saw 9 of its levels.

You collected 943 gold pieces.
You paid 464 gold pieces to Gozag.

Inventory:

Jewellery
 b - a +6 ring of dexterity (right paw)
 c - a +6 ring of dexterity (left paw)
 g - a ring of protection from fire
 m - an amulet of magic regeneration (around neck)
Wands
 k - a wand of charming (4) (quivered)
 q - a wand of polymorph (8)
Scrolls
 f - 2 scrolls of teleportation
 i - a scroll of silence
Potions
 a - a potion of berserk rage
 d - a potion of ambrosia
 e - a potion of heal wounds
 h - a potion of flight
 j - a potion of curing
 l - a potion of magic


   Skills:
 - Level 5.3 Fighting
 - Level 6.6 Dodging
 - Level 5.3 Unarmed Combat
 + Level 5.1 Spellcasting
 * Level 8.2 Summonings


You had 10 spell levels left.
You knew the following spells:

 Your Spells              Type           Power      Damage    Failure   Level
a - Summon Small Mammal   Summ           100%       N/A       1%          1
b - Summon Cactus Giant   Summ           13%        N/A       65%         6

Your spell library contained the following spells:

 Spells                   Type           Power      Damage    Failure   Level
 Apportation              Tloc           6%         N/A       17%         1
 Necrotise                Necr           12%        1d4       17%         1
 Ensorcelled Hibernation  Hex/Ice        6%         N/A       26%         2
 Passwall                 Tmut/Erth      2%         N/A       26%         2
 Scorch                   Fire           6%         2d5       26%         2
 Inner Flame              Hex/Fire       3%         N/A       45%         3
 Swiftness                Air            3%         N/A       45%         3
 Cause Fear               Hex            1%         N/A       86%         4
 Flame Wave               Conj/Fire      3%         2d5       86%         4
 Passage of Golubria      Tloc           3%         N/A       86%         4
 Silence                  Hex/Air        1%         N/A       99%         5
 Discord                  Hex            1%         N/A       100%        8
 Lehudib's Crystal Spear  Conj/Erth      1%         10d2      100%        8


Dungeon Overview and Level Annotations

Branches:
Dungeon (8/15)             Temple (1/1) D:4
   Lair: D:8-11

Altars:
Ashenzari
Cheibriados
Dithmenos
Fedhas
Gozag
Hepliaklqana
Kikubaaqudgha
Makhleb
Okawaru
Qazlal
Ru
Sif Muna
Trog
Uskayaw
Vehumet
Yredelemnul
Zin

Shops:
D:8 :

Annotations:
D:6 1 runed translucent door
D:8 Grum


Innate Abilities, Weirdness & Mutations

You have sharp claws.
You have razor-sharp teeth.
You have supernaturally acute eyesight. (SInv)
You cover ground quickly. (Speed+)
You are covered in thick fur. (AC +2)
Your paws help you pounce on unaware monsters.
You are incapable of wielding weapons or throwing items.
You cannot wear armour.
You gain extra lives every three experience levels.
You are very dopey. (Int -4)
You sometimes lose the ability to drink potions when taking damage.


Message History

Your quokka misses the gnoll sergeant.
Your rat bites the gnoll sergeant but does no damage.
You scratch the gnoll sergeant.
The gnoll sergeant is heavily wounded.
Your quokka barely misses the gnoll sergeant.
The gnoll barely misses you.
The gnoll sergeant completely misses you.
Your rat closely misses the gnoll sergeant.
Aiming: Charm
Press: ? - help, Q - select action, (/) - cycle Shift-Dir - straight line, f - gnoll sergeant
Aim: a gnoll sergeant, wielding a +0 spear and wearing a +0 ring mail (heavily wounded, ally target, chance to affect: 49%)
The gnoll sergeant is charmed.
The gnoll completely misses you.
The gnoll barely misses your gnoll sergeant.
The gnoll closely misses you. The gnoll misses you.
You can drink potions again.
The gnoll closely misses your quokka.
The gnoll completely misses your quokka.
The gnoll misses your quokka.
You hear a twanging sound.
An arrow appears from out of your range of vision.
The arrow hits your rat.
Your rat dies!
Your rat's corpse disappears in a puff of smoke!
The gnoll hits your quokka with a +0 club!
Your quokka dies!
Your quokka's corpse disappears in a puff of smoke!
A gnoll comes into view. It is wielding a +0 spear.
The centaur shoots an arrow.
The arrow hits you!
You feel threatened and lose the ability to drink potions!
* * * LOW HITPOINT WARNING * * *
The centaur shoots an arrow.
The arrow misses you. The arrow hits your gnoll sergeant!
As you read the scroll of teleportation, it crumbles to dust.
You feel strangely unstable.
The centaur shoots an arrow.
The arrow misses you.
The centaur shoots an arrow.
The arrow completely misses you.
The centaur shoots an arrow.
The arrow hits you!
You die...
Your body crumbles into a pile of gold.

#g.# #.# #.#####..# #.#
#.# . #.......# #.# #.#
#.#.#####ยง.# #.# #.#
.## #..###<#####.# ...
#.g..........# ### ##.#
##g#.#[#.###.# ..#
###...##g.....#.###.###
#.#
....#.@................
#>#
##>..##c##.....###....
###.#####.....#.########
#####
#.............(.....#
#.#.#####.....#.###.#
#.#.####.....##.#
#.##########
#.#.........# #.#
#.....c.....
####.######.... #.#
############ .....#
##.#. #.# #


You could see a centaur, a gnoll and a friendly gnoll sergeant (charmed).

Vanquished Creatures
  Sigmund (D:3)
  A wyvern (D:8)
  A water moccasin (D:8)
  An ice beast (D:8)
  An orc warrior (D:6)
  2 black bears
  3 ogres
  2 centaurs (D:8)
  A phantom (D:5)
  A kobold brigand (D:8)
  A bullfrog (D:6)
  A necrophage (D:6)
  8 scorpions
  2 howler monkeys (D:7)
  A hound (D:6)
  4 orc priests
  2 iguanas (D:5)
  4 orc wizards (D:6)
  2 gnolls
  3 adders
  A white imp (D:7)
  An ufetubus (D:5)
  A worm (D:2)
  A dart slug (D:2)
  18 orcs
  11 ball pythons
  4 endoplasms
  8 giant cockroaches
  6 goblins
  9 hobgoblins
  13 kobolds
  2 quokkas
  5 bats
  A frilled lizard (D:1)
  6 rats
  A butterfly (D:6)
130 creatures vanquished.

Vanquished Creatures (collateral kills)
  An ogre (D:5)
  A hound (D:4)
  A hobgoblin (D:4)
3 creatures vanquished.

Vanquished Creatures (others)
  A vampire mosquito (D:6)
  A scorpion (D:6)
2 creatures vanquished.

Grand Total: 135 creatures vanquished

Notes
Turn   | Place    | Note
-------+----------+-------------------------------------------
     0 | D:1      | wormed the Felid Chaos Knight began the quest for the Orb.
     0 | D:1      | Reached XP level 1. HP: 10/10 MP: 2/2
   199 | D:1      | Reached XP level 2. HP: 14/14 MP: 3/3
   818 | D:2      | XOM: silly message
   823 | D:2      | Reached XP level 3. HP: 17/17 MP: 4/4
  1166 | D:2      | Found a shadowy altar of Dithmenos.
  1342 | D:2      | XOM: silly message
  1570 | D:3      | Noticed Sigmund
  2071 | D:4      | Reached XP level 4. HP: 22/22 MP: 5/5
  2163 | D:4      | Noticed a scorpion
  2304 | D:3      | XOM: divination: detect items
  2306 | D:3      | XOM: noise
  2307 | D:3      | XOM: silly message
  2310 | D:3      | Killed Sigmund
  2311 | D:3      | Reached skill level 5 in Dodging
  2311 | D:3      | Reached XP level 5. HP: 5/25 MP: 6/6
  2495 | D:3      | XOM is BORED!
  2495 | D:3      | XOM: summons 3 hostile demons
  2857 | D:4      | Gained mutation: You are covered in thick fur. (AC +2)
                  | [Felid growth]
  2857 | D:4      | Reached XP level 6. HP: 29/29 MP: 7/7
  2971 | D:4      | XOM: god gift: 52 gold pieces
  3074 | D:4      | XOM: summons 6 friendly demons
  3341 | D:4      | XOM: 1-stop teleportation journey
  3358 | D:4      | XOM: god gift: +6 ring of dexterity
  3389 | D:4      | Found a staircase to the Ecumenical Temple.
  3397 | D:4      | Reached skill level 5 in Unarmed Combat
  3400 | Temple   | Entered the Ecumenical Temple
  3491 | Temple   | Fell from the grace of Xom
  3491 | Temple   | Became a worshipper of Gozag Ym Sagoz the Greedy
  3523 | D:4      | Reached skill level 5 in Fighting
  3681 | D:4      | XOM: repel stairs
  3700 | D:5      | Entered Level 5 of the Dungeon
  3703 | D:5      | Learned a level 1 spell: Summon Small Mammal
  3713 | D:5      | XOM: 5-stop teleportation journey
  3727 | D:5      | Reached XP level 7. HP: 22/33 MP: 8/8
  3808 | D:5      | Reached skill level 1 in Summonings
  4271 | D:5      | Found a radiant altar of Vehumet.
  4530 | D:5      | Reached skill level 1 in Spellcasting
  4530 | D:5      | Reached skill level 2 in Summonings
  4860 | D:6      | XOM: give mutations
  4860 | D:6      | Gained mutation: You are dopey. (Int -2) [Xom's mischief]
  4860 | D:6      | Gained mutation: You occasionally lose the ability to drink
                  | potions when taking damage. [Xom's mischief]
  4860 | D:6      | Gained mutation: You sometimes lose the ability to drink
                  | potions when taking damage. [Xom's mischief]
  4860 | D:6      | Gained mutation: You are very dopey. (Int -4) [Xom's
                  | mischief]
  4976 | D:6      | Reached skill level 3 in Summonings
  5070 | D:6      | Reached XP level 8. HP: 22/37 MP: 12/12
  5186 | D:6      | Found a runed translucent door.
  5193 | D:6      | Found a runed translucent door.
  5323 | D:6      | Reached skill level 4 in Summonings
  5595 | D:6      | Found a shimmering blue altar of Sif Muna.
  6031 | D:7      | Reached skill level 5 in Summonings
  6201 | D:7      | Found a hide-covered altar of Uskayaw.
  6226 | D:7      | Noticed a two-headed ogre
  6478 | D:8      | Reached skill level 6 in Summonings
  6784 | D:6      | Reached skill level 7 in Summonings
  6853 | D:6      | Reached XP level 9. HP: 20/40 MP: 16/16
  8142 | D:6      | HP: 2/40 [poisoned by a gnoll sergeant]
  8143 | D:6      | Succumbed to a gnoll sergeant's poison
  8144 | D:6      | Reached XP level 8. HP: -1/37 MP: 16/16
  8151 | D:6      | Learned a level 6 spell: Summon Cactus Giant
  8164 | D:6      | Noticed a nameless horror
  8170 | D:6      | Mangled by a nameless horror
  8171 | D:6      | Reached XP level 7. HP: -11/33 MP: 0/15
  8234 | D:7      | XOM: summons 1 hostile shadow creature
  8336 | D:8      | XOM: summons 4 hostile demons
  8631 | D:8      | Reached skill level 5 in Spellcasting
  8631 | D:8      | Reached skill level 8 in Summonings
  8666 | D:8      | Noticed Grum
  8861 | D:8      | Reached XP level 8. HP: 37/37 MP: 16/16
  8890 | D:8      | Shot with an arrow by a centaur

Illustrated notes

Levels and vault maps discovered:
D:1:      lightli_arrival_statue_moat, layout_basic, minmay_pentomino_v2
D:2:      layout_basic, basic_altar
D:3:      layout_basic, uniq_sigmund
D:4:      layout_cave_pools, minmay_temple_entry_junction,
          serial_co_window_serial, co_window_of_opportunity_a,
          co_window_corner_a, co_window_corner_a, co_window_of_opportunity_a,
          co_window_corner_a, co_window_corner_b, co_window_broadway_b,
          co_window_corner_ca, co_window_of_opportunity_c, co_window_cross_2,
          co_window_corner_b, co_window_broadway_c, co_window_4corner_a,
          co_window_paths_d, glass_columns_b, glass_columns_b
D:5:      layout_basic, mainiacjoe_overflow_surrounded_room, serial_curves,
          eino_curves_04, eino_curves_04
D:6:      lemuel_insect_pit, layout_loops_ring, led_sif_pool, feat_on_display
D:7:      layout_cave_pods, nicolae_uskayaw_murder_on_the_dancefloor,
          grunt_decor_mini_mirrors, minmay_misc_feat_rugged, kennysheep_boxes
D:8:      layout_loops_ring, uniq_grum
Temple:   nicolae_temple_great_sept

Skill      XL: |  1  2  3  4  5  6  7  8 |
---------------+-------------------------+-----
Dodging        | 4 5 6 |  6.6
Fighting       | 4 5 |  5.3
Unarmed Combat | 4 5 |  5.3
Summonings     | 8 7 |  8.2
Spellcasting   | 5 4 |  5.1

Action                   |  1- 3 |  4- 6 |  7- 9 || total
-------------------------+-------+-------+-------++-------
Melee: Unarmed           |   147 |   108 |   354 ||   609
       Bite              |    15 |    15 |    44 ||    74
       Punch             |     2 |     4 |     8 ||    14
 Cast: Summon Small Mamm |       |       |    29 ||    29
Invok: Call Merchant     |       |       |     1 ||     1
Evoke: Wand              |       |       |    10 ||    10
  Use: Scroll            |     7 |     2 |    13 ||    22
       Potion            |       |     6 |     3 ||     9
 Stab: Sleeping          |     4 |     1 |     4 ||     9
       Invisible         |       |     2 |       ||     2
       Distracted        |       |     1 |     3 ||     4
Armor: Skin              |     9 |     3 |    19 ||    31
Dodge: Dodged            |   125 |    71 |   336 ||   532

Table legend: (Time is in decaauts)
 A = Elapsed time spent in this place.
 B = Non-inter-level travel time spent in this place.
 C = Inter-level travel time spent in this place.
 D = Time resting spent in this place.
 E = Time spent auto-exploring this place.
 F = Levels seen in this place.
 G = Mean time per level.
                   A        B        C        D        E       F      G
               +--------+--------+--------+--------+--------+-----+--------+
         Total |   7632 |   7293 |    339 |     45 |   5187 |   9 |  848.0 |
       Dungeon |   7548 |   7216 |    332 |     45 |   5135 |   8 |  943.5 |
        Temple |     83 |     76 |      7 |      0 |     51 |   1 |   83.0 |
               +--------+--------+--------+--------+--------+-----+--------+

Top non-repeatable levels by time:
     D:6: 1811 daAuts
     D:7: 1186 daAuts
     D:5: 954 daAuts
     D:3: 854 daAuts
     D:4: 770 daAuts
     D:2: 753 daAuts
     D:1: 674 daAuts
     D:8: 543 daAuts
  Temple: 83 daAuts
